 Dungeon Crawl Stone Soup version 0.28.0 (webtiles) character file.

Game seed: 13328415898181049895

227 danielguo94 the Cudgeller (level 6, -2/38 HPs)
             Began as a Gargoyle Fighter on Feb 7, 2022.
             Slain by a gnoll (4 damage)
             ... on level 6 of the Dungeon.
             The game lasted 00:01:47 (1606 turns).

danielguo94 the Cudgeller (Gargoyle Fighter)        Turns: 1606, Time: 00:01:48

Health: -2/38      AC: 19    Str: 22    XL:     6   Next: 2%
Magic:  6/6        EV:  9    Int:  8    God:
Gold:   87         SH:  4    Dex: 12    Spells: 5/5 levels left

rFire   . . .      SeeInvis .   r - +4 mace of the Elven Halls {protect, rPois rC- Will+ Dex+3}
rCold   x . .      Faith    .   c - +0 buckler
rNeg    + . .      Spirit   .   b - +0 scale mail
rPois   ∞          Reflect  .   (no helmet)
rElec   +          Harm     .   (no cloak)
rCorr   .          Rampage  .   (no gloves)
Will    +....                   o - +0 pair of boots
Stlth   ..........              (no amulet)
HPRegen 0.12/turn               (no ring)
MPRegen 0.10/turn               (no ring)

@: under a protective aura
A: sickness immunity, AC +4, negative energy resistance 1, electricity
resistance, torment resistance 1, petrification resistance
a: no special abilities


You were on level 6 of the Dungeon.
You visited 1 branch of the dungeon, and saw 4 of its levels.

You collected 110 gold pieces.
You spent 23 gold pieces at shops.

Inventory:

Hand Weapons
 a - a +0 flail
 r - the +4 mace of the Elven Halls (weapon) {protect, rPois rC- Will+ Dex+3}
   (You found it on level 3 of the Dungeon)

   It grants its wielder temporary protection when it strikes (+7 to AC).
   Dex:       It affects your dexterity (+3).
   rC:        It makes you vulnerable to cold.
   rPois:     It protects you from poison.
   Will:      It increases your willpower.
Missiles
 g - 95 stones (quivered)
 u - 4 poisoned darts
Armour
 b - a +0 scale mail (worn)
 c - a +0 buckler (worn)
 o - a +0 pair of boots (worn)
Jewellery
 q - a +6 ring of intelligence
Wands
 t - a wand of iceblast (6)
Scrolls
 e - a scroll of fear {unknown}
 f - a scroll of immolation {unknown}
 j - 2 scrolls of identify {unknown}
 k - a scroll of teleportation {unknown}
 m - 2 scrolls of fog {unknown}
 v - a scroll of enchant weapon {unknown}
Potions
 d - a potion of might
 h - a potion of ambrosia {unknown}
 i - a potion of mutation {unknown}
 l - a potion of flight {unknown}
 n - a potion of attraction {unknown}
 p - a potion of cancellation {unknown}
 s - a potion of curing {unknown}


   Skills:
 + Level 4.1 Fighting
 * Level 4.4 Maces & Flails
 + Level 4.2 Armour
 + Level 1.0 Dodging
 + Level 3.7 Shields


You had 5 spell levels left.
You didn't know any spells.
Your spell library contained the following spells:

 Spells                   Type           Power      Damage    Failure   Level
 Magic Dart               Conj           0%         1d3       82%         1
 Call Imp                 Summ           0%         N/A       91%         2
 Scorch                   Fire           0%         2d5       91%         2
 Confusing Touch          Hex            0%         N/A       99%         3
 Mephitic Cloud           Conj/Pois/Air  0%         N/A       99%         3
 Flame Wave               Conj/Fire      0%         2d4       100%        4
 Summon Ice Beast         Ice/Summ       0%         N/A       100%        4
 Summon Mana Viper        Hex/Summ       0%         N/A       100%        5
 Yara's Violent Unravell  Hex/Tmut       0%         3d3       100%        5
 Summon Cactus Giant      Summ           0%         N/A       100%        6
 Enfeeble                 Hex            0%         N/A       100%        7
 Monstrous Menagerie      Summ           0%         N/A       100%        7


Dungeon Overview and Level Annotations

Branches:
Dungeon (3/15)

Altars:

Shops:
D:3 *   D:6 :


Innate Abilities, Weirdness & Mutations

You are immune to sickness and miasma.
Your stone body is resilient. (AC +4)
You are immune to poison.
You resist negative energy. (rN+)
You are resistant to electric shocks. (rElec)
You are resistant to unholy torment.
You are immune to petrification.


Message History

The gnoll sergeant barely misses you.
You have reached level 6!
Unknown command.
You block the gnoll's attack.
The gnoll hits you from afar with a +0 halberd.
The gnoll sergeant hits you but does no damage.
Things that are here:
a +0 spear; a gnoll corpse The gnoll sergeant blocks your attack.
You block the gnoll's attack. The gnoll hits you but does no damage.
The gnoll sergeant hits you with a +0 trident.
You hit the gnoll sergeant.
The gnoll sergeant is lightly wounded.
The gnoll closely misses you. The gnoll hits you but does no damage.
The gnoll sergeant hits you with a +0 trident.
* * * LOW HITPOINT WARNING * * *
You barely miss the gnoll sergeant.
The gnoll sergeant is lightly wounded.
The gnoll hits you but does no damage. The gnoll closely misses you.
You block the gnoll sergeant's attack. The gnoll hits you but does no damage.
The gnoll barely misses you.
The gnoll sergeant hits you but does no damage.
You closely miss the gnoll sergeant.
The gnoll sergeant is lightly wounded.
A kobold comes into view. It is wielding a +3 short sword.
You block the gnoll's attack. The gnoll hits you but does no damage.
The gnoll sergeant hits you but does no damage.
You hit the gnoll sergeant but do no damage.
The gnoll sergeant is lightly wounded.
You block the gnoll's attack. The gnoll hits you but does no damage.
The gnoll sergeant closely misses you.
You hit the gnoll sergeant.
The gnoll sergeant is lightly wounded.
The gnoll closely misses you. You block the gnoll's attack.
The gnoll sergeant hits you with a +0 trident!
* * * LOW HITPOINT WARNING * * *
You sock the gnoll sergeant!
The gnoll sergeant is heavily wounded.
The gnoll hits you with a +0 spear.
You die...

#.........#.###
#...#.###...#
##...## #+#####
#..## ##∩#....
#.(.# ####.#
######..###....#
...........)..#.#
.##.##..........#
#.#.#####@##
#.### #g.g# #.
#.g.# .. #...# ..
#.K.# #.... #...#
.....


You could see a gnoll sergeant, 2 gnolls and a kobold.

Vanquished Creatures
  A kobold brigand (D:3)
  2 hounds (D:3)
  6 gnolls
  An adder (D:2)
  A worm (D:3)
  A dart slug (D:2)
  3 bats
  3 endoplasms
  A giant cockroach (D:3)
  5 goblins
  3 hobgoblins
  6 kobolds
  2 ball pythons
  3 frilled lizards (D:1)
  3 rats
41 creatures vanquished.

Notes
Turn   | Place    | Note
-------+----------+-------------------------------------------
     0 | D:1      | danielguo94 the Gargoyle Fighter began the quest for the
                  | Orb.
     0 | D:1      | Reached XP level 1. HP: 14/14 MP: 1/1
    91 | D:1      | Reached XP level 2. HP: 6/20 MP: 2/2
   596 | D:2      | Reached XP level 3. HP: 18/24 MP: 3/3
  1041 | D:3      | Identified the +4 mace of the Elven Halls {protect, rPois
                  | rC- Will+ Dex+3}
  1111 | D:3      | Reached XP level 4. HP: 20/29 MP: 4/4
  1295 | D:3      | Noticed a kobold brigand
  1304 | D:3      | Reached XP level 5. HP: 21/33 MP: 5/5
  1471 | D:3      | Killed a kobold brigand
  1483 | D:3      | Found Qephir's Assorted Antiques.
  1491 | D:3      | Bought a scroll labelled CYFIFI IRGHAONGI for 23 gold
                  | pieces
  1574 | D:3      | You fall into a shaft and drop 3 floors!
  1594 | D:6      | Reached skill level 1 in Dodging
  1594 | D:6      | Found Zuepnack's Book Boutique.
  1599 | D:6      | Reached XP level 6. HP: 17/38 MP: 6/6
  1606 | D:6      | Slain by a gnoll

Illustrated notes

Levels and vault maps discovered:
D:1:      ebering_trefoil_3fold, layout_basic
D:2:      layout_rooms
D:3:      layout_rooms, serial_shops, shop_fountains, hex_intersection,
          st_stairs_11, cheibrodos_gnoll_hut
D:6:      layout_loops_cross, trog_wizard, serial_shops,
          nicolae_shop_window_shopping, minivault_22

Skill      XL: |  1  2  3  4  5 |
---------------+----------------+-----
Maces & Flails | 3 4 |  4.4
Armour         | 4 |  4.2
Fighting       | 4 |  4.1
Dodging        | 1 |  1.0
Shields        | |  3.7

Action                   |  1- 3 |  4- 6 || total
-------------------------+-------+-------++-------
Melee: Flail             |    69 |       ||    69
       Mace              |     6 |    57 ||    63
Armor: Scale mail        |    51 |    29 ||    80
Dodge: Dodged            |    37 |    18 ||    55
Block: Buckler           |    16 |    24 ||    40
